 Dungeon Crawl Stone Soup version 0.29.0-13-gc9e81de378 (webtiles) character file.

Game seed: 1911732966063686159

6015 DocSulfur the Thaumaturge (level 10, -1/74 HPs)
             Began as a Demonspawn Cinder Acolyte on Sept 8, 2022.
             Was a Believer of Ignis.
             Slain by an orc warrior
             ... wielding a +0 battleaxe
              (9 damage)
             ... on level 11 of the Dungeon.
             The game lasted 01:15:40 (14161 turns).

DocSulfur the Thaumaturge (DsCA)                   Turns: 14161, Time: 01:15:40

Health: -1/74      AC: 18    Str: 17    XL:     10   Next: 56%
Magic:  31/31      EV: 13    Int: 17    God:    Ignis [**....]
Gold:   688        SH:  0    Dex:  9    Spells: 21/26 levels left

rFire   + . .      SeeInvis +   h - +2 spear (freeze)
rCold   . . .      Faith    .   (no shield)
rNeg    . . .      Spirit   .   j - +0 acid dragon scales
rPois   .          Reflect  .   c - +1 helmet
rElec   .          Harm     .   (no cloak)
rCorr   +          Rampage  .   (no gloves)
Will    .....                   m - +0 pair of boots
Stlth   +.........              (no amulet)
HPRegen 0.22/turn               k - ring of see invisible
MPRegen 0.44/turn               w - ring of magical power

@: sanguine armoured, slowed, very slow
A: ignite blood 1, magic regeneration, sanguine armour 2, bedeviling, weakness
stinger 2
a: Renounce Religion, Fiery Armour, Foxfire Swarm


You were on level 11 of the Dungeon.
You worshipped Ignis.
Ignis was pleased with you.
You visited 1 branch of the dungeon, and saw 11 of its levels.

You collected 688 gold pieces.

Inventory:

Hand Weapons
 a - a +0 spear of flaming
 b - a +0 sling
 g - a +0 dagger
 h - a +2 spear of freezing (weapon)
 A - a +3 vorpal hand axe
Missiles
 u - 18 poisoned darts (quivered)
 B - a boomerang of dispersal
 D - 2 javelins
Armour
 c - a +1 helmet (worn)
 f - a +0 robe
 j - +0 acid dragon scales (worn)
 m - a +0 pair of boots (worn)
Jewellery
 k - a ring of see invisible (left hand)
 n - a ring of resist corrosion
 o - a +6 ring of intelligence
 w - a ring of magical power (right hand)
 z - a ring of protection from cold
 I - a ring of wizardry
 K - a +6 ring of intelligence
Wands
 G - a wand of flame (15)
 J - a wand of quicksilver (5)
Scrolls
 i - a scroll of poison
 q - 2 scrolls of magic mapping
 r - 3 scrolls of vulnerability
 s - a scroll of enchant weapon
Potions
 d - 9 potions of attraction
 e - 4 potions of haste
 l - a potion of ambrosia {unknown}
 p - a potion of brilliance {unknown}
 x - 2 potions of cancellation
 C - a potion of lignification {unknown}
 E - 3 potions of degeneration {unknown}
 F - 2 potions of mutation {unknown}
 L - 2 potions of berserk rage
 M - a potion of resistance {unknown}


   Skills:
 - Level 5.0 Fighting
 - Level 2.6 Polearms
 - Level 2.0 Ranged Weapons
 - Level 4.0 Throwing
 - Level 6.9 Dodging
 + Level 8.9 Spellcasting
 - Level 3.0 Fire Magic
 - Level 5.8 Ice Magic
 - Level 4.0 Evocations


You had 21 spell levels left.
You knew the following spells:

 Your Spells              Type           Power      Damage    Failure   Level
a - Scorch                Fire           34%        2d6       6%          2
b - Ozocubu's Armour      Ice            27%        N/A       3%          3

Your spell library contained the following spells:

 Spells                   Type           Power      Damage    Failure   Level
 Apportation              Tloc           14%        N/A       13%         1
 Necrotise                Necr           28%        1d5       13%         1
 Shock                    Conj/Air       28%        1d4       13%         1
 Summon Small Mammal      Summ           28%        N/A       13%         1
 Call Canine Familiar     Summ           7%         N/A       36%         3
 Portal Projectile        Hex/Tloc       22%        N/A       36%         3
 Swiftness                Air            7%         N/A       36%         3
 Metabolic Englaciation   Hex/Ice        13%        N/A       73%         5
 Airstrike                Air            3%         2d(1-17)  78%         4
 Leda's Liquefaction      Hex/Erth       5%         N/A       78%         4
 Summon Forest            Summ/Tloc      3%         N/A       98%         5
 Simulacrum               Ice/Necr       8%         N/A       99%         6
 Eringya's Noxious Bog    Tmut/Pois      3%         N/A       100%        6
 Summon Hydra             Summ           3%         N/A       100%        7


Dungeon Overview and Level Annotations

Branches:
Dungeon (11/15)            Temple (0/1) D:7             Orc (0/2) D:11
   Lair: D:8-11

Altars:
Kikubaaqudgha
Nemelex Xobeh

Shops:
D:11 (

Annotations:
D:4 exclusion: upstairs
D:9 Erolcha


Innate Abilities, Weirdness & Mutations

Your demonic aura sometimes causes spilled blood to erupt in flames.
You regenerate magic rapidly.
When seriously injured, your blood forms thick armour. (AC +9)
Your hexes are more powerful.
You have a tail ending in a sharp stinger.


Message History

There is an open door here.
The kobold brigand throws a curare-tipped dart.
The curare-tipped dart hits you.
You are poisoned.
You have difficulty breathing.
You feel yourself slow down.
You feel very sick.
The orc warrior shouts!
The troll bites you! The troll misses you. The troll claws you.
Your blood congeals into armour.
The gnoll sergeant hits you from afar with a +1 spear of venom.
You are more poisoned.
There is an open door, spattered with blood here.
You feel very sick. The troll completely misses you.
The troll closely misses you. The troll claws you!
The troll attacks as you move away! The troll closely misses you.
The troll completely misses you. The troll claws you but does no damage.
You feel very sick.
The orc warrior hits you but does no damage.
The troll barely misses you. x3
The orc warrior attacks as you move away!
The orc warrior closely misses you.
You feel sick.
The gnoll shouts!
You hear a shout!
You feel sick. The troll barely misses you. The troll misses you.
The troll claws you.
* * * LOW HITPOINT WARNING * * *
The orc warrior hits you with a +0 battleaxe.
* * * LOW HITPOINT WARNING * * *
The orc warrior attacks as you move away!
The orc warrior hits you with a +0 battleaxe!
* * * LOW HITPOINT WARNING * * *
The troll attacks as you move away! The troll barely misses you.
The troll misses you. The troll claws you but does no damage.
* * * LOW HITPOINT WARNING * * *
You feel sick.
You feel better. The troll bites you.
* * * LOW HITPOINT WARNING * * *
The troll claws you but does no damage. x2
The orc warrior hits you with a +0 battleaxe!
You die...

.. #... .. #. .#...
...### ..
.#............ .#
........#... .#
##.##.##...# .#
###..#..##..# o#
####....O..#..## g#
###((............#
.####TK(##...ggo@#...#
.#..oo####<....T.#...#
......# #.....K.#...#
......# #...o...#...#
^.....####...#####.o.#
......#......'g..#.K.#
......#......#♣..##g##
......#......##..o#.#
...<..#.......#...'.#


You could see a troll, 2 orc warriors, a kobold brigand, an ogre, a gnoll
sergeant and a gnoll.

Vanquished Creatures
  A two-headed ogre (D:10)
  Maggie (D:9)
  A gargoyle (D:10)
  Psyche (D:9)
  2 wyverns
  3 yaks (D:9)
  A steam dragon (D:5)
  4 vampire mosquitoes (D:10)
  An acid dragon (D:9)
  A water moccasin (D:7)
  4 orc warriors
  2 ice beasts
  A sky beast (D:6)
  3 ogres
  A centaur (D:10)
  4 phantoms
  3 kobold brigands
  A necrophage (D:5)
  8 wights
  2 killer bees (D:8)
  A howler monkey (D:9)
  5 orc priests
  4 hounds
  A jelly (D:7)
  2 gnoll boudas
  5 iguanas
  7 orc wizards
  13 gnolls
  3 white imps
  An ufetubus (D:5)
  A worm (D:2)
  5 dart slugs
  29 orcs
  4 ball pythons
  6 bats
  A bat zombie (D:10)
  10 endoplasms
  2 giant cockroaches
  7 goblins
  6 hobgoblins
  3 jackals (D:5)
  6 kobolds
  3 quokkas
  2 frilled lizards
  8 rats
  A rat zombie (D:10)
181 creatures vanquished.

Vanquished Creatures (others)
  An adder (D:5)
  47 foxfires
48 creatures vanquished.

Grand Total: 229 creatures vanquished

Notes
Turn   | Place    | Note
-------+----------+-------------------------------------------
     0 | D:1      | DocSulfur the Demonspawn Cinder Acolyte began the quest for
                  | the Orb.
     0 | D:1      | Reached XP level 1. HP: 18/18 MP: 2/2
   283 | D:1      | Gained mutation: Your demonic aura sometimes causes spilled
                  | blood to erupt in flames. [demonic ancestry]
   283 | D:1      | Reached XP level 2. HP: 24/24 MP: 4/4
  1045 | D:1      | Learned a level 2 spell: Scorch
  1077 | D:1      | Reached skill level 1 in Ranged Weapons
  1084 | D:1      | Gained mutation: You have a small tail. [demonic ancestry]
  1084 | D:1      | Reached XP level 3. HP: 20/29 MP: 2/5
  1100 | D:1      | Reached skill level 2 in Spellcasting
  2703 | D:2      | Gained mutation: When seriously injured, your blood forms
                  | armour. (AC +9) [demonic ancestry]
  2703 | D:2      | Reached XP level 4. HP: 20/35 MP: 7/7
  3371 | D:3      | Reached skill level 3 in Spellcasting
  3938 | D:4      | Reached skill level 1 in Dodging
  4280 | D:4      | Noticed an ice beast
  4296 | D:4      | Killed an ice beast
  4297 | D:4      | Reached XP level 5. HP: 24/41 MP: 2/9
  4923 | D:4      | Gained mutation: You have a tail ending in a sharp stinger.
                  | [demonic ancestry]
  4923 | D:4      | Reached XP level 6. HP: 41/47 MP: 6/10
  5350 | D:4      | Reached skill level 5 in Dodging
  5645 | D:5      | Entered Level 5 of the Dungeon
  5654 | D:4      | Gained mutation: When seriously injured, your blood forms
                  | thick armour. (AC +9) [demonic ancestry]
  5654 | D:4      | Reached XP level 7. HP: 52/52 MP: 2/11
  6659 | D:5      | Noticed a steam dragon
  6684 | D:5      | Killed a steam dragon
  6685 | D:5      | Reached XP level 8. HP: 25/60 MP: 3/13
  7068 | D:5      | Reached skill level 4 in Spellcasting
  7136 | D:6      | Reached skill level 1 in Throwing
  7885 | D:7      | Found a staircase to the Ecumenical Temple.
  7894 | D:7      | Reached skill level 5 in Fighting
  7894 | D:7      | Reached skill level 5 in Spellcasting
  8774 | D:7      | Reached skill level 1 in Evocations
  8774 | D:7      | Gained mutation: You regenerate magic rapidly. [demonic
                  | ancestry]
  8774 | D:7      | Reached XP level 9. HP: 53/68 MP: 7/16
  9843 | D:8      | Found a sparkling altar of Nemelex Xobeh.
 10384 | D:8      | Learned a level 3 spell: Ozocubu's Armour
 10852 | D:9      | Reached skill level 1 in Ice Magic
 10927 | D:9      | Noticed Maggie
 10962 | D:9      | Killed Maggie
 11203 | D:9      | Reached skill level 6 in Spellcasting
 11689 | D:9      | Noticed Erolcha
 11723 | D:10     | Entered Level 10 of the Dungeon
 11815 | D:10     | Noticed a two-headed ogre
 11831 | D:10     | Killed a two-headed ogre
 11832 | D:10     | Reached skill level 7 in Spellcasting
 11832 | D:10     | Gained mutation: Your hexes are more powerful. [demonic
                  | ancestry]
 11832 | D:10     | Reached XP level 10. HP: 49/74 MP: 20/20
 11848 | D:10     | Noticed a gargoyle
 11851 | D:10     | Killed a gargoyle
 11852 | D:10     | Reached skill level 5 in Ice Magic
 12633 | D:9      | Noticed Psyche
 12642 | D:9      | Killed Psyche
 13082 | D:10     | Found an ancient bone altar of Kikubaaqudgha.
 13428 | D:11     | Found a staircase to the Orcish Mines.
 13435 | D:11     | Found Himee's Weapon Shoppe.
 13454 | D:11     | Reached skill level 8 in Spellcasting
 14160 | D:11     | HP: 3/74 [orc warrior/+0 battleaxe (12)]
 14160 | D:11     | HP: 1/74 [poisoned by a gnoll sergeant]
 14161 | D:11     | Slain by an orc warrior

Illustrated notes

Levels and vault maps discovered:
D:1:      psy_arrival_spokes, layout_basic
D:2:      layout_loops_ring, minivault_23, chequers_serial_rivers_room_b,
          corexii_item_surrounded_by_moat
D:3:      layout_basic
D:4:      layout_loops_cross
D:5:      layout_cave_pools
D:6:      layout_gridville, mainiacjoe_overflow_surrounded_room
D:7:      layout_rooms, minmay_temple_entry_grid, chequers_garden,
          kennysheep_windowed_goal
D:8:      layout_gridville, mainiacjoe_overflow_cross_hatched
D:9:      layout_stronghold, uniq_maggie, uniq_psyche, uniq_erolcha
D:10:     layout_gridville, lemuel_zombie_altar_kikubaaqudgha
D:11:     layout_rooms, lair_entry_dummy,
          kennysheep_orc_monster_closet_entryway, serial_shops,
          nicolae_shop_statue_plus, kennysheep_nondescript

Skill      XL: |  1  2  3  4  5  6  7  8  9 10 |
---------------+-------------------------------+-----
Fire Magic     | 3 |  3.0
Ranged Weapons | 1 2 |  2.0
Spellcasting   | 2 3 5 7 8 |  8.9
Dodging        | 3 4 5 6 |  6.9
Fighting       | 5 |  5.0
Throwing       | 4 |  4.0
Evocations     | 1 4 |  4.0
Ice Magic      | 4 5 |  5.8
Polearms       | |  2.6

Action                   |  1- 3 |  4- 6 |  7- 9 | 10-12 || total
-------------------------+-------+-------+-------+-------++-------
Melee: Spear             |    59 |    57 |   228 |    62 ||   406
       Tailslap          |     2 |     6 |    37 |     8 ||    53
       Punch             |       |       |     2 |     1 ||     3
 Fire: Sling             |    72 |    18 |       |       ||    90
Throw: Stone             |     3 |       |       |       ||     3
       Javelin           |       |       |     3 |       ||     3
       Boomerang         |       |       |     5 |       ||     5
       Dart              |       |       |     3 |     9 ||    12
 Cast: Scorch            |    21 |    41 |   137 |    30 ||   229
       Ozocubu's Armour  |       |       |       |     3 ||     3
Invok: Foxfire Swarm     |       |     1 |     2 |       ||     3
       Fiery Armour      |       |       |     3 |     1 ||     4
       Rising Flame      |       |       |     1 |       ||     1
Evoke: Wand              |       |       |    10 |     4 ||    14
  Use: Scroll            |     2 |       |    13 |     1 ||    16
       Potion            |       |       |     5 |     2 ||     7
 Stab: Sleeping          |       |     1 |       |       ||     1
Armor: Robe              |    29 |    15 |   127 |       ||   171
       Acid dragon scale |       |       |    15 |    54 ||    69
Dodge: Dodged            |    45 |    33 |   246 |   103 ||   427
